 Dungeon Crawl Stone Soup version 0.26.0-45-g9c1d065592 (webtiles) character file.

Game seed: 15324573046037232500

32 soggyman666 the Grasshopper (level 3, -4/30 HPs)
             Began as a Draconian Warper on Jan 28, 2021.
             Slain by a worm (8 damage)
             ... on level 1 of the Dungeon.
             The game lasted 00:04:40 (849 turns).

soggyman666 the Grasshopper (Draconian Warper)       Turns: 849, Time: 00:04:41

Health: -4/30      AC:  5    Str: 13    XL:     3   Next: 10%
Magic:  6/6        EV:  7    Int: 13    God:
Gold:   25         SH: 10    Dex: 11    Spells: 6/6 levels left

rFire    . . .     SeeInvis .   a - +0 hand axe
rCold    . . .     Faith    .   k - +0 tower shield
rNeg     . . .     Spirit   .   (armour unavailable)
rPois    .         Reflect  .   (helmet restricted)
rElec    .         Harm     .   (no cloak)
rCorr    .         Rampage  .   (no gloves)
Will     +....                  (no boots)
Stlth    +.........             b - amulet of regeneration
HPRegen  0.50/turn              e - ring of willpower
MPRegen  0.10/turn              (no ring)

@: lethally poisoned (-4 -> -4)
A: unfitting armour, cold-blooded, AC +5
a: no special abilities


You were on level 1 of the Dungeon.
You visited 1 branch of the dungeon, and saw 2 of its levels.

You collected 25 gold pieces.

Inventory:

Hand Weapons
 a - a +0 hand axe (weapon)
Missiles
 d - 4 boomerangs of dispersal (quivered)
Armour
 k - a +0 tower shield (worn)
Jewellery
 b - an amulet of regeneration (around neck)
 e - a ring of willpower (left hand)
Scrolls
 c - a scroll of blinking
 f - a scroll of fear
 i - a scroll of enchant weapon {unknown}
 j - a scroll of immolation {unknown}
Potions
 g - 2 potions of haste
 h - a potion of curing {unknown}


   Skills:
 + Level 2.3 Fighting
 + Level 2.3 Axes
 + Level 0.8 Throwing
 + Level 2.4 Dodging
 + Level 2.2 Spellcasting
 + Level 3.5 Translocations


You had 6 spell levels left.
You didn't know any spells.
Your spell library contained the following spells:

 Spells                   Type           Power        Failure   Level
 Blink                    Tloc           N/A          92%         2
 Gell's Gravitas          Tloc           5%           99%         3
 Lesser Beckoning         Tloc           5%           99%         3
 Teleport Other           Tloc           10%          99%         3
 Passage of Golubria      Tloc           N/A          100%        4


Dungeon Overview and Level Annotations

Branches:
Dungeon (2/15)

Altars:

Annotations:
D:2 Sigmund


Innate Abilities, Weirdness & Mutations

Your plain brown scales are hard. (AC +5)
You cannot fit into any form of body armour.
You are cold-blooded and may be slowed by cold attacks.


Message History

Sigmund hits you from afar with a +1 scythe of venom!
* * * LOW HITPOINT WARNING * * *
You are poisoned.
The worm bites you but does no damage.
You climb upwards.
You feel sick.
There is a stone staircase leading down here.
You see here a hobgoblin corpse.
You barely miss the worm.
The worm is moderately wounded.
You feel sick. The worm completely misses you.
You hit the worm.
The worm is moderately wounded.
You feel sick.
You hit the worm but do no damage.
The worm is moderately wounded.
You feel sick. You block the worm's attack.
You hit the worm.
The worm is moderately wounded.
You feel sick. The worm bites you!
You die...

.# .## ######
..#######....#
.......##....#
.......##....#
.....(.##....#
.#)....##..[.# ########
.#..#####....####......#
................@....#.#
.##.############.w##.#.#
.##.## #.......##.#.#
###..### ######..##.#.#
.......# ##.##.#.#
.......# #.##.#.#
.......# #.##.#.########
.......# ######
#.##.#........# .......#
#....# #.##.#.######.#


You could see a worm.

Vanquished Creatures
  An ooze (D:1)
  A dart slug (D:1)
  2 bats (D:1)
  3 giant cockroaches (D:1)
  2 goblins (D:1)
  5 hobgoblins (D:1)
  3 kobolds (D:1)
  A ball python (D:1)
  6 rats (D:1)
24 creatures vanquished.

Notes
Turn   | Place    | Note
-------+----------+-------------------------------------------
     0 | D:1      | soggyman666 the Draconian Warper began the quest for the
                  | Orb.
     0 | D:1      | Reached XP level 1. HP: 17/17 MP: 3/3
   385 | D:1      | Reached XP level 2. HP: 20/24 MP: 5/5
   551 | D:1      | Reached XP level 3. HP: 29/29 MP: 6/6
   840 | D:2      | Noticed Sigmund
   849 | D:1      | Slain by a worm

Illustrated notes

Levels and vault maps discovered:
D:1:      lightli_arrival_lavapool, layout_basic
D:2:      layout_rooms, uniq_robin, uniq_sigmund

Action                   || total
-------------------------++-------
Melee: Hand axe          ||    98
       Tailslap          ||     7
Throw: Boomerang         ||     1
  Use: Scroll            ||     2
 Stab: Distracted        ||     1
Armor: Skin              ||    39
Dodge: Dodged            ||    65
Block: Tower shield      ||     4
